 Dungeon Crawl Stone Soup version 0.29-a0-1052-g6990b1bffc (webtiles) character file.

Game seed: 4734354413451879838

1514 Nedwor the Slasher (level 8, -6/62 HPs)
             Began as a Demonspawn Gladiator on Aug 17, 2022.
             Was an Initiate of Uskayaw.
             Engulfed by a cloud of poison gas (9 damage)
             ... on level 5 of the Dungeon.
             The game lasted 00:14:01 (5253 turns).

Nedwor the Slasher (Demonspawn Gladiator)           Turns: 5253, Time: 00:14:01

Health: -6/62      AC: 15    Str: 15    XL:     8   Next: 53%
Magic:  0/0        EV:  6    Int: 10    God:    Uskayaw [......]
Gold:   185        SH:  4    Dex: 20    Spells: 7/7 levels left

rFire   . . .      SeeInvis .   z - +2 dagger (vorpal)
rCold   . . .      Faith    .   (no shield)
rNeg    . . .      Spirit   .   s - +0 plate armour
rPois   .          Reflect  .   c - +1 helmet
rElec   +          Harm     .   (no cloak)
rCorr   .          Rampage  .   (no gloves)
Will    .....                   k - +0 pair of boots
Stlth   ..........              r - amulet "Hogariq" {rElec Regen+ MP-9 Dex+4}
HPRegen 1.00/turn               (no ring)
MPRegen 0.07/turn               (no ring)

@: lethally poisoned (-6 -> -29), attractive
A: large bone plates 1, demonic guardian 2, weakness stinger 1
a: Renounce Religion


You were on level 5 of the Dungeon.
You worshipped Uskayaw.
Uskayaw was noncommittal.
You visited 2 branches of the dungeon, and saw 7 of its levels.

You collected 335 gold pieces.
You spent 150 gold pieces at shops.

Inventory:

Hand Weapons
 a - a +1 long sword
 z - a +2 vorpal dagger (weapon)
Missiles
 e - a javelin (quivered)
Armour
 c - a +1 helmet (worn)
 k - a +0 pair of boots (worn)
 s - a +0 plate armour (worn)
Jewellery
 b - an amulet of the acrobat
 i - an amulet of faith
 r - the amulet "Hogariq" (around neck) {rElec Regen+ MP-9 Dex+4}
   (You bought it in a shop on level 3 of the Dungeon)

   [amulet of regeneration]

   Dex:       It affects your dexterity (+4).
   rElec:     It insulates you from electricity.
   MP:        It affects your magic capacity (-9).
   Regen:     It increases your rate of health regeneration.
Wands
 o - a wand of paralysis (6)
 y - a wand of mindburst (13)
Scrolls
 g - 6 scrolls of teleportation
 w - a scroll of fog
Potions
 d - 2 potions of brilliance
 f - 2 potions of flight {unknown}
 h - 2 potions of attraction
 j - a potion of haste {unknown}
 l - a potion of mutation {unknown}
 n - a potion of experience {unknown}
 p - a potion of cancellation {unknown}
 v - a potion of magic {unknown}


   Skills:
 + Level 5.0 Fighting
 * Level 0.0(4.1) Short Blades
 - Level 6.7 Long Blades
 - Level 1.7 Throwing
 + Level 4.2 Armour
 + Level 5.1 Dodging
 + Level 0.0 Stealth


You had 7 spell levels left.
You didn't know any spells.
Your spell library contained the following spells:

 Spells                   Type           Power      Damage    Failure   Level
 Foxfire                  Conj/Fire      0%         2x1d4     100%        1
 Magic Dart               Conj           0%         1d3       100%        1
 Summon Small Mammal      Summ           0%         N/A       100%        1
 Call Imp                 Summ           0%         N/A       100%        2
 Call Canine Familiar     Summ           0%         N/A       100%        3
 Conjure Flame            Conj/Fire      0%         6-21      100%        3
 Inner Flame              Hex/Fire       0%         N/A       100%        3
 Mephitic Cloud           Conj/Pois/Air  0%         N/A       100%        3
 Summon Guardian Golem    Hex/Summ       0%         N/A       100%        3
 Flame Wave               Conj/Fire      0%         2d4       100%        4


Dungeon Overview and Level Annotations

Branches:
Dungeon (6/15)             Temple (1/1) D:5

Altars:
Ashenzari
Fedhas
Gozag
Kikubaaqudgha
Makhleb
Nemelex Xobeh
Okawaru
Ru
Sif Muna
Trog
Uskayaw
Vehumet
Wu Jian
Xom
Yredelemnul

Shops:
D:1 ?   D:3 *


Innate Abilities, Weirdness & Mutations

You are partially covered in large bone plates. (SH +4)
A demonic guardian rushes to your aid.
You have a small tail.


Message History

Your jackal explodes!
The fiery explosion engulfs your orc!!
Your orc's corpse dissolves into shadows!
Your orc explodes!
The fiery explosion engulfs your ice beast!!!
Your ice beast melts!
Your ice beast dissolves into shadows!
Your ice beast explodes!
The fiery explosion engulfs you!
The fiery explosion engulfs your jackal!!!
Your jackal's corpse dissolves into shadows!
Your jackal explodes!
The fiery explosion engulfs you!!!
Ouch! That really hurt!
* * * LOW HITPOINT WARNING * * *
A demonic guardian appears!
The fiery explosion engulfs your water moccasin!!
Flame seeps out of your water moccasin.
Your water moccasin is almost dead.
Your water moccasin dissolves into shadows!
You hear an angry hiss.
You're standing in a cloud of flame!
You're standing in a cloud of flame!
You're standing in a cloud of flame!
You're standing in a cloud of flame!
You're standing in a cloud of flame!
You're standing in a cloud of flame!
You're standing in a cloud of flame!
You're standing in a cloud of flame!
Really walk into that cloud of poison gas?
Uppercase [Y]es or [N]o only, please.
Really walk into that cloud of poison gas?
You are engulfed in poison gas.
You are lethally poisoned!
* * * LOW HITPOINT WARNING * * *
x2 You feel very sick.
It was a potion of attraction.
You feel attractive to monsters.
You are engulfed in poison gas.
You are more poisoned.
You die...

..###.##..#.....## ###..# #.#
....#.##..#......# #'## #.#
...)'.....#§§§§§§# #.. #.#
....#.....#§§§§§§# #... #.#
....#.....#§§§§§§# #...# #.#
....#.....#§§§§§§# +..## #..
....#.....#§§§§§§# #..# #..
....#..##.#§§§§§§## #### #..
....#..##.##§§§§@§# #..
....#....§§§§§4§§§# #..
....+....§§#§§§§§§# #..
....########§§§§§§######## #..
.......)..§§§§§§§§§....^.# #..
.........§§§§§§§§§§§.....######..
.........§§§§§§§§§§§.............
.........§§§§§§§§§§§§............
.......##+###'###########........


You could see a friendly orange demon (summoned).

Vanquished Creatures
  A water moccasin (D:5)
  A sky beast (D:3)
  A black bear (D:4)
  An ogre (D:4)
  2 phantoms
  3 scorpions
  An electric eel (D:6)
  2 jellies
  An orc priest (D:5)
  6 hounds
  Terence (D:3)
  4 iguanas
  3 orc wizards
  4 gnolls
  5 adders
  2 ufetubi
  2 worms (D:2)
  A dart slug (D:5)
  14 orcs
  4 bats (D:2)
  10 endoplasms
  7 giant cockroaches
  10 goblins
  6 hobgoblins
  2 jackals (D:3)
  4 quokkas
  6 ball pythons
  6 frilled lizards
  4 kobolds
  5 rats
119 creatures vanquished.

Vanquished Creatures (collateral kills)
  An electric eel (D:6)
  An orc priest (D:6)
  An iguana (D:5)
  A gnoll (D:2)
  An endoplasm (D:2)
  A bat (D:3)
6 creatures vanquished.

Vanquished Creatures (others)
  An ufetubus (D:6)
  4 plants (D:3)
5 creatures vanquished.

Grand Total: 130 creatures vanquished

Notes
Turn   | Place    | Note
-------+----------+-------------------------------------------
     0 | D:1      | Nedwor the Demonspawn Gladiator began the quest for the
                  | Orb.
     0 | D:1      | Reached XP level 1. HP: 16/16 MP: 1/1
   389 | D:1      | Gained mutation: You are partially covered in large bone
                  | plates. (SH +4) [demonic ancestry]
   389 | D:1      | Reached XP level 2. HP: 22/22 MP: 2/2
   418 | D:1      | Reached skill level 3 in Long Blades
   575 | D:1      | Found Reuco's Magic Scroll Boutique.
   646 | D:1      | Found a faded altar of an unknown god.
  1436 | D:2      | Gained mutation: A weak demonic guardian rushes to your
                  | aid. [demonic ancestry]
  1436 | D:2      | Reached XP level 3. HP: 23/28 MP: 3/3
  1585 | D:2      | Reached skill level 1 in Armour
  1741 | D:2      | Identified the +1 chain mail "Ziemehow" {*Slow rPois Str+3
                  | Dex+5}
  2063 | D:2      | Reached XP level 4. HP: 34/34 MP: 4/4
  2520 | D:3      | Gained mutation: You have a small tail. [demonic ancestry]
  2520 | D:3      | Reached XP level 5. HP: 27/40 MP: 5/5
  2667 | D:3      | Found Jiroil's Assorted Antiques.
  2671 | D:3      | Bought an ancient diamond amulet for 150 gold pieces
  2671 | D:3      | Identified the amulet "Hogariq" {rElec Regen+ MP-9 Dex+4}
                  | (You bought it in a shop on level 3 of the Dungeon)
  2759 | D:3      | Reached skill level 4 in Long Blades
  2844 | D:3      | Noticed Terence
  2860 | D:3      | Killed Terence
  2936 | D:3      | Noticed a sky beast
  2947 | D:3      | Killed a sky beast
  2948 | D:3      | Reached XP level 6. HP: 41/47 MP: 0/6
  3551 | D:4      | Reached skill level 5 in Long Blades
  3647 | D:4      | Reached XP level 7. HP: 51/53 MP: 0/7
  4066 | D:5      | Entered Level 5 of the Dungeon
  4144 | D:5      | You fall into a shaft and drop 1 floor!
  4281 | D:6      | Reached skill level 6 in Long Blades
  4281 | D:6      | Gained mutation: A demonic guardian rushes to your aid.
                  | [demonic ancestry]
  4281 | D:6      | Reached XP level 8. HP: 61/61 MP: 0/8
  4785 | D:5      | Reached skill level 5 in Dodging
  4821 | D:5      | Reached skill level 5 in Fighting
  5040 | D:5      | Found a staircase to the Ecumenical Temple.
  5047 | Temple   | Entered the Ecumenical Temple
  5144 | Temple   | Became a worshipper of Uskayaw the Reveller
  5252 | D:5      | HP: 3/62 [poisoned by you (poison gas)]
  5253 | D:5      | Engulfed by a cloud of poison gas

Illustrated notes

Levels and vault maps discovered:
D:1:      amcnicky_arrival_flooded_fountain, layout_basic, serial_shops,
          shop_scrolls, hellmonk_ecumenical_altar_lost_god,
          kennysheep_minor_cross, chequers_decorated_corner
D:2:      layout_rooms, hangedman_decor_growths, serial_bayou_pond_d,
          chequers_serial_rivers_small_3
D:3:      layout_rooms, serial_forest, infiniplex_forest_clump_medium,
          infiniplex_forest_lined_3, infiniplex_forest_straight_3,
          infiniplex_forest_lined_2, infiniplex_forest_clump_tiny,
          infiniplex_forest_corner_1, infiniplex_forest_straight_4,
          serial_shops, nicolae_shop_stone, uniq_terence
D:4:      layout_basic, overflow_temple_1_default
D:5:      layout_gridville, minmay_temple_entry_enclosed_plants,
          cheibrodos_gnoll_hut
D:6:      layout_cave_pools, nicolae_overflow_two_pavilions, serial_shops,
          nicolae_shop_stone, shop, serial_demonic, serial_demonic_a,
          serial_demonic_g, serial_demonic_b, serial_demonic_g,
          kennysheep_boxes, uniq_duvessa
Temple:   lightli_temple_of_artemis

Skill      XL: |  1  2  3  4  5  6  7  8 |
---------------+-------------------------+-----
Long Blades    | 3 4 5 6 |  6.7
Dodging        | 3 4 5 |  5.1
Armour         | 1 2 3 4 |  4.2
Fighting       | 3 4 5 |  5.0
Throwing       | |  1.7

Action                   |  1- 3 |  4- 6 |  7- 9 || total
-------------------------+-------+-------+-------++-------
Melee: Long sword        |   120 |   117 |   175 ||   412
       Punch             |     1 |       |     5 ||     6
       Tailslap          |       |    14 |    29 ||    43
Evoke: Wand              |       |       |     3 ||     3
  Use: Scroll            |     5 |     4 |     8 ||    17
       Potion            |       |       |     1 ||     1
 Stab: Distracted        |       |       |     1 ||     1
Armor: Leather armour    |     9 |       |       ||     9
       Ring mail         |    46 |    15 |       ||    61
       Plate armour      |       |    53 |   135 ||   188
Dodge: Dodged            |    90 |    41 |    38 ||   169
Block: Other             |    28 |    19 |    20 ||    67

Table legend: (Time is in decaauts)
 A = Elapsed time spent in this place.
 B = Non-inter-level travel time spent in this place.
 C = Inter-level travel time spent in this place.
 D = Time resting spent in this place.
 E = Time spent auto-exploring this place.
 F = Levels seen in this place.
 G = Mean time per level.
                   A        B        C        D        E       F      G
               +--------+--------+--------+--------+--------+-----+--------+
         Total |   5348 |   5162 |    186 |    699 |   3345 |   7 |  764.0 |
       Dungeon |   5230 |   5064 |    166 |    699 |   3267 |   6 |  871.7 |
        Temple |    117 |     97 |     20 |      0 |     78 |   1 |  117.0 |
               +--------+--------+--------+--------+--------+-----+--------+

Top non-repeatable levels by time:
     D:1: 1407 daAuts
     D:2: 1034 daAuts
     D:4: 985 daAuts
     D:5: 861 daAuts
     D:3: 730 daAuts
     D:6: 211 daAuts
  Temple: 117 daAuts
